 Dungeon Crawl Stone Soup version 0.24-a0-139-geb6712d (webtiles) character file.

Game seed: 13610690694691559167

3077 Anon1729 the Cudgeler (level 9, -7/88 HPs)
             Began as a Troll Gladiator on Mar 1, 2019.
             Was a Believer of Qazlal.
             Mangled by a troll (12 damage)
             ... on level 8 of the Dungeon.
             The game lasted 00:15:11 (6538 turns).

Anon1729 the Cudgeler (Troll Gladiator)             Turns: 6538, Time: 00:15:11

Health: -7/88      AC:  7    Str: 32    XL:     9   Next: 58%
Magic:  10/10      EV: 12    Int:  6    God:    Qazlal [**....]
Gold:   151        SH:  2    Dex: 12    Spells: 8/8 levels left

rFire    + . .     SeeInvis .   H - +7 hand axe of Fortitude {chop, rElec rF+ Str+2}
rCold    . . .     Gourm    +   (no shield)
rNeg     . . .     Faith    .   b - +0 robe
rPois    .         Spirit   .   c - +0 hat
rElec    +         Reflect  .   a - +0 cloak of Quantum Leap {Str+3}
rCorr    .         Harm     +   (gloves unavailable)
MR       .....                  (boots unavailable)
Stlth    +.........             m - amulet of harm
HPRegen  0.64/turn              v - +3 ring of strength
MPRegen  0.12/turn              B - +2 ring of slaying

@: no status effects
A: large, unfitting armour, claws 3, fast metabolism 3, gourmand, regeneration
1, shaggy fur 1, tough skin 3
a: Upheaval, Renounce Religion


You were on level 8 of the Dungeon.
You worshipped Qazlal.
Qazlal was pleased with you.
You were completely stuffed.

You visited 2 branches of the dungeon, and saw 9 of its levels.
You also visited: Sewer.

You collected 312 gold pieces.
You spent 161 gold pieces at shops.

Inventory:

Hand Weapons
 s - a +0 whip of electrocution
 E - a +0 giant spiked club
 G - a +0 flail of protection
 H - the +7 hand axe of Fortitude (weapon) {chop, rElec rF+ Str+2}
   (You found it on level 7 of the Dungeon)

   It inflicts extra damage upon your enemies.
   It affects your strength (+2).
   It protects you from fire.
   It insulates you from electricity.
Missiles
 d - 3 throwing nets (quivered)
Armour
 a - the +0 cloak of Quantum Leap (worn) {Str+3}
   (You bought it in a shop on level 7 of the Dungeon)

   It affects your strength (+3).
 b - a +0 robe (worn)
 c - a +0 hat (worn)
Jewellery
 i - an uncursed amulet of guardian spirit
 m - an amulet of harm (around neck)
 o - an uncursed ring of wizardry
 q - an uncursed ring of magical power
 v - a +3 ring of strength (left claw)
 y - an uncursed ring of protection from magic
 B - a +2 ring of slaying (right claw)
Wands
 A - a wand of enslavement (7)
 I - a wand of paralysis (8)
Scrolls
 h - 3 scrolls of fog
 n - 2 scrolls of teleportation
 p - a scroll of identify
 u - 2 scrolls of magic mapping
 w - 3 scrolls of remove curse
 z - a scroll of blinking {unknown}
 C - a scroll of fear {unknown}
Potions
 e - 2 potions of lignification {unknown}
 g - 2 potions of might {unknown}
 j - 2 potions of degeneration {unknown}
 k - 5 potions of heal wounds
 l - 5 potions of curing
 r - a potion of haste {unknown}
 t - 4 potions of flight {unknown}
 x - 2 potions of brilliance {unknown}
 D - a potion of ambrosia {unknown}
 F - a potion of magic {unknown}
Comestibles
 f - 13 rations
 J - a chunk of flesh


   Skills:
 + Level 5.6 Fighting
 + Level 6.5 Maces & Flails
 + Level 6.1 Throwing
 + Level 5.9 Dodging
 * Level 3.0 Invocations


You had 8 spell levels left.
You didn't know any spells.
Your spell library contained the following spells:

 Spells                   Type           Power        Failure   Level  Hunger
 Freeze                   Ice            #...         45%         1    ##.....
 Shock                    Conj/Air       #...         45%         1    ##.....
 Swiftness                Chrm/Air       #.......     58%         2    ###....
 Throw Frost              Conj/Ice       #.....       58%         2    ###....
 Ozocubu's Armour         Chrm/Ice       #.......     83%         3    ####...
 Static Discharge         Conj/Air       #.......     83%         3    ####...
 Airstrike                Air            #.........   99%         4    #####..
 Summon Ice Beast         Ice/Summ       #.......     99%         4    #####..
 Throw Icicle             Conj/Ice       #.......     99%         4    #####..
 Lightning Bolt           Conj/Air       #.........   100%        5    ######.


Dungeon Overview and Level Annotations

Branches:
Dungeon (8/15)             Temple (1/1) D:4
   Lair: D:8-11

Altars:
Ashenzari
Cheibriados
Dithmenos
Elyvilon
Fedhas
Hepliaklqana
Kikubaaqudgha
Makhleb
Nemelex Xobeh
Qazlal
Ru
Sif Muna
Trog
Uskayaw
Vehumet
Wu Jian
Xom
Yredelemnul
Zin
The Shining One

Shops:
D:7 [


Innate Abilities, Weirdness & Mutations

You are too large for most types of armour.
You have claws for hands.
Your metabolism is lightning-fast.
You like to eat raw meat.
Your natural rate of healing is unusually fast.
You are covered in fur. (AC +1)
You have extremely tough skin. (AC +3)


Message History

A sky beast comes into view.
You slash the hound skeleton!
You destroy the hound skeleton!
Qazlal accepts your kill.
You slash the troll!
The troll is heavily wounded.
The troll bites you. The troll claws you!
* * * LOW HITPOINT WARNING * * *
The troll claws you but does no damage.
You barely miss the troll.
The troll is heavily wounded.
The troll bites you.
* * * LOW HITPOINT WARNING * * *
The troll claws you.
* * * LOW HITPOINT WARNING * * *
The troll claws you.
* * * LOW HITPOINT WARNING * * *
Unknown command.
The troll barely misses you. The troll claws you!
You die...

####........
##[................
#..................
#.........(....(..
##..<...........
#..............
##..>.Y.#.....#
#.......# #..##
##.@T#######...#.##
#.......##........#
##......##.........#
###.......###.##...
###....## ..# #.
#.....# .## #.....#
> ##...... .
#...[...


You could see a troll and a sky beast.

Vanquished Creatures
  2 hippogriffs
  Eustachio (D:6)
  3 orc warriors
  2 sky beasts
  2 ice beasts
  A black bear (D:6)
  A necrophage (D:7)
  3 ogres
  A centaur (D:7)
  3 bullfrogs
  3 big kobolds (Sewer)
  A scorpion (D:7)
  2 howler monkeys (D:4)
  A crimson imp (D:6)
  2 jellies
  8 orc priests
  An iguana (D:3)
  4 orc wizards
  3 worker ants
  A hound zombie (D:5)
  A hound skeleton (D:8)
  5 gnolls
  A howler monkey skeleton (D:5)
  9 adders
  2 river rats (Sewer)
  An ooze (D:3)
  2 adder skeletons
  5 worms
  4 dart slugs
  5 leopard geckos
  30 orcs
  4 giant cockroaches
  7 goblins
  6 hobgoblins
  6 jackals
  2 quokkas
  6 ball pythons (Sewer)
  6 bats
  14 frilled lizards
  A jackal skeleton (D:5)
  10 kobolds
  2 quokka zombies
  13 rats
187 creatures vanquished.

Notes
Turn   | Place    | Note
-------+----------+-------------------------------------------
     0 | D:1      | Anon1729 the Troll Gladiator began the quest for the Orb.
     0 | D:1      | Reached XP level 1. HP: 19/19 MP: 0/0
   154 | D:1      | Reached XP level 2. HP: 27/28 MP: 1/1
   579 | D:1      | Reached XP level 3. HP: 33/35 MP: 2/2
  1363 | D:2      | Reached XP level 4. HP: 42/42 MP: 1/3
  1402 | D:2      | Found a sparkling altar of Nemelex Xobeh.
  1439 | D:2      | Found a radiant altar of Vehumet.
  1686 | D:3      | Found a glowing drain.
  1695 | Sewer    | Entered a sewer
  1752 | Sewer    | Reached XP level 5. HP: 50/50 MP: 4/4
  1844 | Sewer    | Reached XP level 6. HP: 47/61 MP: 5/5
  2655 | D:4      | Reached XP level 7. HP: 52/67 MP: 6/6
  3140 | D:4      | Found a staircase to the Ecumenical Temple.
  3182 | Temple   | Entered the Ecumenical Temple
  3528 | Temple   | Became a worshipper of Qazlal Stormbringer
  3648 | D:5      | Entered Level 5 of the Dungeon
  4889 | D:6      | Noticed Eustachio
  4929 | D:6      | Reached skill level 5 in Maces & Flails
  4929 | D:6      | Reached XP level 8. HP: 12/78 MP: 7/7
  5152 | D:6      | Killed Eustachio
  5152 | D:6      | Reached skill level 5 in Throwing
  5454 | D:7      | Reached skill level 5 in Dodging
  5458 | D:7      | Found a snail-covered altar of Cheibriados.
  5614 | D:7      | Reached * piety under Qazlal
  5729 | D:7      | Found a shimmering altar of Xom.
  5730 | D:7      | Found a hazy altar of Hepliaklqana.
  5731 | D:7      | Noticed a spectral ugly thing
  5744 | D:7      | Noticed a hippogriff
  5751 | D:7      | Killed a hippogriff
  5751 | D:7      | Reached skill level 5 in Fighting
  5789 | D:7      | Reached XP level 9. HP: 78/88 MP: 8/8
  5937 | D:7      | Found a shattered altar of Ashenzari.
  5980 | D:7      | Noticed a moth of wrath
  5983 | D:7      | Found a bloodstained altar of Trog.
  6004 | D:7      | Got a crude hand axe
  6021 | D:7      | Identified the +7 hand axe of Fortitude {chop, rElec rF+
                  | Str+2} (You found it on level 7 of the Dungeon)
  6095 | D:7      | Found a burning altar of Makhleb.
  6098 | D:7      | Reached skill level 1 in Invocations
  6184 | D:7      | Reached ** piety under Qazlal
  6302 | D:7      | Found Xedorous's Antique Armour Shop.
  6312 | D:7      | Bought an ancient cloak for 161 gold pieces
  6317 | D:7      | Identified the +0 cloak of Quantum Leap {Str+3} (You bought
                  | it in a shop on level 7 of the Dungeon)
  6519 | D:8      | Noticed a troll
  6537 | D:8      | HP: 4/88 [troll (3)]
  6538 | D:8      | Mangled by a troll

Levels and vault maps discovered:
D:1:      ebering_trefoil_twist, layout_basic, chequers_serial_rivers_micro_b,
          st_stairs_6, minmay_lizard_pond
D:2:      layout_basic, fiery_altar_vehumet, lemuel_doored_altar, first_ration
D:3:      layout_basic, portal_sewer_entry_d, st_stairs_7
D:4:      layout_rooms, temple_fountains
D:5:      layout_basic, minmay_fractal_squares_5
D:6:      layout_basic, uniq_eustachio
D:7:      layout_loops_ring, regret_index_temple_of_mockery, ashenzari_altar_1,
          cheibriados_altar_1, tgw_trog, old_standard_altar, serial_shops, shop
D:8:      layout_cave_pools, overflow_temple_1_default, kennysheep_mini_moat,
          serial_shops, nicolae_shop_statue_plus
Temple:   minmay_temple_forest_path
Sewer:    sewer_co_15_rooms

Skill      XL: |  1  2  3  4  5  6  7  8  9 |
---------------+----------------------------+-----
Throwing       | 2 3 4 5 6 |  6.1
Maces & Flails | 3 4 5 6 |  6.5
Fighting       | 2 3 4 5 |  5.6
Dodging        | 3 4 5 |  5.9
Invocations    | 3 |  3.0

Action                   |  1- 3 |  4- 6 |  7- 9 || total
-------------------------+-------+-------+-------++-------
Melee: Flail             |   170 |   205 |    51 ||   426
       Whip              |       |       |   196 ||   196
       Giant spiked club |       |       |    11 ||    11
       Hand axe          |       |       |    64 ||    64
  Use: Scroll            |       |       |     5 ||     5
       Potion            |       |       |     2 ||     2
 Stab: Sleeping          |       |       |     1 ||     1
  Eat: Chunk             |    18 |    13 |    37 ||    68
Armor: Robe              |   126 |    70 |   120 ||   316
Dodge: Dodged            |   150 |   128 |   261 ||   539
Block: Other             |       |       |     9 ||     9

Table legend:
 A = Non-vault XP
 B = Vault XP
 C = Vault XP percentage of total XP
 D = Non-vault monster count
 E = Vault monster count
 F = Vault count percentage of total count
                 A         B        C        D         E       F
            +---------+---------+-------+---------+---------+-------
      Total |    3785 |     611 |  13.9 |     151 |      36 |  19.3
            +---------+---------+-------+---------+---------+-------
        D:1 |      60 |       8 |  11.8 |      29 |       7 |  19.4
        D:2 |      44 |       0 |   0.0 |      17 |       0 |   0.0
        D:3 |     242 |      20 |   7.6 |      25 |       2 |   7.4
        D:4 |     229 |       0 |   0.0 |      15 |       0 |   0.0
        D:5 |     429 |      42 |   8.9 |      15 |       4 |  21.1
        D:6 |     657 |     202 |  23.5 |       7 |       1 |  12.5
        D:7 |    1800 |       9 |   0.5 |      39 |       5 |  11.4
        D:8 |     324 |       0 |   0.0 |       4 |       0 |   0.0
      Sewer |       0 |     330 | 100.0 |       0 |      17 | 100.0
            +---------+---------+-------+---------+---------+-------
